 Dungeon Crawl Stone Soup version 0.31-a0-128-g25add195a6 (webtiles) character file.

Game seed: 10770009262535187171

249195 ketsa the Warrior (level 18, -4/176 HPs)
             Began as a Demigod Fighter on May 31, 2023.
             Slain by a swamp worm (15 damage)
             ... on level 1 of the Swamp on June 1, 2023.
             The game lasted 02:20:23 (38215 turns).

ketsa the Warrior (Demigod Fighter)                Turns: 38215, Time: 02:20:24

Health: -4/176     AC: 26    Str: 21    XL:     18   Next: 56%
Magic:  28/28      EV: 15    Int: 15    God:
Gold:   954        SH: 23    Dex: 36    Spells: 22/24 levels left

rFire   . . .        y - +8 long sword "Ilome" {spect, rCorr Int+2}
rCold   . . .        k - +2 kite shield {rPois}
rNeg    . . .        b - +5 scale mail "Xasyt" {rPois Int+3}
rPois   +            m - +0 helmet
rElec   .            F - scarf {repulsion}
rCorr   +            p - +2 pair of gloves {Dex+3}
SInv    +            P - +0 pair of boots
Will    +....        T - amulet of reflection
Stlth   +            Y - +4 ring of protection
HPRegen 0.49/turn    J - ring of see invisible
MPRegen 0.21/turn

%: repel missiles, reflection
@: afraid
A: high MP 1, forlorn, divine attributes, subdued magic 1
}: 1/15 runes: serpentine
a: no special abilities


You were on level 1 of the Swamp.
You visited 9 branches of the dungeon, and saw 32 of its levels.
You also visited: Bailey and Wizlab.

You collected 2769 gold pieces.
You spent 1815 gold pieces at shops.

Inventory:

Hand Weapons
 a - the +6 falchion of the Scorching Gods {elec, Fly Will+++ rCorr Dex-4}
   (You found it on level 12 of the Dungeon)

   Dex:       It affects your dexterity (-4).
   Fly:       It grants you flight.
   rCorr:     It protects you from acid and corrosion.
   Will:      It greatly increases your willpower.
 c - the +9 sword of Zonguldrok {reap}
   (You found it in a wizard's laboratory)
 y - the +8 long sword "Ilome" (weapon) {spect, rCorr Int+2}
   (You found it on level 4 of the Dungeon)

   Int:       It affects your intelligence (+2).
   rCorr:     It protects you from acid and corrosion.
Missiles
 I - 2 throwing nets
 L - 18 poisoned darts
 S - 19 boomerangs (quivered)
Armour
 b - the +5 scale mail "Xasyt" (worn) {rPois Int+3}
   (You found it on level 9 of the Dungeon)

   Int:       It affects your intelligence (+3).
   rPois:     It protects you from poison.
 k - a +2 kite shield of poison resistance (worn)
 m - a +0 helmet (worn)
 p - a +2 pair of gloves of dexterity (worn)
 F - a scarf of repulsion (worn)
 P - a +0 pair of boots (worn)
Jewellery
 f - the ring "Qoto" {rPois rN+ Dex+5}
   (You bought it in a shop on level 5 of the Dungeon)

   [ring of positive energy]

   Dex:       It affects your dexterity (+5).
   rPois:     It protects you from poison.
   rN:        It protects you from negative energy.
 l - an amulet of regeneration
 n - a ring of protection from fire
 J - a ring of see invisible (right hand)
 T - an amulet of reflection (around neck)
 Y - a +4 ring of protection (left hand)
Wands
 d - a wand of charming (28)
 s - a wand of mindburst (38)
 C - a wand of flame (60)
 M - a wand of acid (9)
Scrolls
 i - 2 scrolls of enchant weapon
 j - a scroll of fog
 r - 2 scrolls of magic mapping
 w - 2 scrolls of poison
 x - 3 scrolls of enchant armour
 z - 3 scrolls of fear
 E - a scroll of summoning
 Q - a scroll of brand weapon
 U - 4 scrolls of teleportation
 Z - 7 scrolls of silence
Potions
 e - 6 potions of lignification
 g - 3 potions of heal wounds
 o - 8 potions of ambrosia
 q - 3 potions of berserk rage
 t - 5 potions of enlightenment
 u - 2 potions of might
 A - 9 potions of curing
 D - a potion of haste
 O - a potion of cancellation
 R - 2 potions of resistance
 V - 3 potions of invisibility
 X - 4 potions of mutation
Miscellaneous
 K - a condenser vane (inert)
 W - a phantom mirror (inert)


   Skills:
 + Level 19.3 Fighting
 - Level 14.0 Long Blades
 - Level 8.0 Throwing
 + Level 17.0 Armour
 - Level 5.5 Dodging
 - Level 10.0 Shields
 + Level 3.9 Spellcasting
 * Level 1.2 Translocations
 - Level 8.4 Evocations


You had 22 spell levels left.
You knew the following spells:

 Your Spells              Type           Power      Damage    Failure   Level
a - Blink                 Tloc           10%        N/A       47%         2

Your spell library contained the following spells:

 Spells                   Type           Power      Damage    Failure   Level
 Lesser Beckoning         Tloc           10%        N/A       47%         2
 Foxfire                  Conj/Fire      8%         2x1d4     50%         1
 Magic Dart               Conj           8%         1d3       50%         1
 Sandblast                Erth           4%         2d4       50%         1
 Slow                     Hex            8%         N/A       50%         1
 Momentum Strike          Conj/Tloc      6%         3d8       54%         2
 Ensorcelled Hibernation  Hex/Ice        4%         N/A       65%         2
 Passwall                 Tmut/Erth      1%         N/A       65%         2
 Searing Ray              Conj           4%         2d4       65%         2
 Sublimation of Blood     Necr           2%         N/A       65%         2
 Gell's Gravitas          Tloc           5%         N/A       71%         3
 Teleport Other           Tloc           5%         N/A       71%         3
 Vhi's Electric Charge    Tloc/Air       6%         N/A       80%         3
 Volatile Blastmotes      Fire/Tloc      6%         2d10      80%         3
 Confusing Touch          Hex            2%         N/A       87%         3
 Dazzling Flash           Conj/Hex       4%         N/A       87%         3
 Ignite Poison            Fire/Tmut/Pois 2%         N/A       87%         3
 Ozocubu's Armour         Ice            2%         N/A       87%         3
 Spider Form              Tmut/Pois      2%         N/A       87%         3
 Stone Arrow              Conj/Erth      4%         3d7       87%         3
 Vampiric Draining        Necr           2%         2d6       87%         3
 Anguish                  Hex/Necr       1%         N/A       99%         4
 Animate Dead             Necr           2%         N/A       99%         4
 Fulminant Prism          Conj/Hex       1%         3d5       99%         4
 Iskenderun's Mystic Bla  Conj/Tloc      3%         2d3       99%         4
 Petrify                  Tmut/Erth      2%         N/A       99%         4
 Sticky Flame             Conj/Fire      2%         2d3       99%         4
 Arcjolt                  Conj/Air       1%         1d11      100%        5
 Fireball                 Conj/Fire      1%         3d3       100%        5
 Irradiate                Conj/Tmut      1%         3d12      100%        5
 Metabolic Englaciation   Hex/Ice        1%         N/A       100%        5
 Summon Forest            Summ/Tloc      1%         N/A       100%        5
 Summon Mana Viper        Hex/Summ       2%         N/A       100%        5
 Plasma Beam              Fire/Air       1%         2x1d11    100%        6
 Simulacrum               Ice/Necr       1%         N/A       100%        6
 Starburst                Conj/Fire      1%         6d3       100%        6
 Summon Cactus Giant      Summ           1%         N/A       100%        6
 Haunt                    Necr/Summ      1%         N/A       100%        7
 Storm Form               Tmut/Air       1%         N/A       100%        7
 Ignition                 Fire           1%         3d3       100%        8
 Infestation              Necr           1%         N/A       100%        8
 Maxwell's Capacitive Co  Air            1%         ∞         100%        8


Dungeon Overview and Level Annotations

Branches:
Dungeon (15/15)            Temple (1/1) D:7            Lair (5/5) D:10
  Swamp (1/4) Lair:3        Snake (4/4) Lair:3        Slime (0/5) Lair:4
    Orc (2/2) D:9             Elf (1/3) Orc:2        Vaults (2/5) D:13
 Depths (1/4) D:15         Bailey (visited)          WizLab (visited)
  Crypt: Vaults:2-3

Shops:
D:4 *   D:5 =   D:6 *   D:14 :?:   D:15 *   Orc:1 :   Orc:2 (??:   Snake:4 (
Depths:1 =:=

Portals:
Hell: Depths:1
Abyss: D:9 Depths:1

Annotations:
D:15 1 exclusion
Lair:3 1 exclusion
Swamp:1 Mlioglotl
Snake:1 1 runed translucent door
Snake:2 exclusion: downstairs


Innate Abilities, Weirdness & Mutations

You have an increased reservoir of magic. (+10% MP)
You shall have no god before yourself.
Your divine heritage dramatically boosts your attributes as you level up.
Your spells are a little easier to cast, but a little less powerful.


Message History

The lich splashes around in the water.
You attempt to attack Mlioglotl, but flinch away in fear!
Your +8 long sword "Ilome" {spect, rCorr Int+2} disappears.
You block the thrashing horror's attack. x3
The thrashing horror tramples you but does no damage.
A starcursed mass splits.
You block Mlioglotl's attack. Mlioglotl tramples you!
You hold your ground!
The lich misses you. The apocalypse crab closely misses you.
The apocalypse crab completely misses you.
You block the thrashing horror's attack. x2
The lich closely misses you. Mlioglotl hits you but does no damage.
Mlioglotl tramples you!!
You hold your ground!
The starcursed mass misses you.
A cacophony of accursed wailing tears at your sanity!
You suddenly lose the ability to move!
You stop ascending the stairs.
The swamp worm bites you! The apocalypse crab bites you.
The apocalypse crab shocks you! The apocalypse crab claws you.
The apocalypse crab shocks you!
* * * LOW HITPOINT WARNING * * *
Mlioglotl churns violently!
Mlioglotl corrupts the dungeon around him!
The lich splashes around in the water.
A starcursed mass splits.
The thrashing horror tramples you but does no damage. x2
The swamp worm bites you but does no damage.
The lich splashes around in the water.
Mlioglotl hits you but does no damage. Mlioglotl tramples you!!
* * * LOW HITPOINT WARNING * * *
You hold your ground!
The starcursed mass touches you!
* * * LOW HITPOINT WARNING * * *
A starcursed mass splits.
You can move again.
Okay, then.
Clouds of poison gas condense around you!
The condenser dries out!
The thrashing horror tramples you.
* * * LOW HITPOINT WARNING * * *
You hold your ground!
The thrashing horror barely misses you.
You block the thrashing horror's attack.
The thrashing horror tramples you but does no damage.
The lich barely misses you. The swamp worm bites you!
You die...

.. ♣..# ~.
♣♣..)#
♣♣♣♣§♣~.~..#
♣♣~~#.#~....##
♣~~~~~..~#.#?.
♣.~~§R§.§~....
♣.§§wXXX§♣
♣~.JX@XZ§♣


♣~.XLXRXX§♣ ♣.§~5tXX§#♣ ♣.~§~X§X..♣ ♣~.~~~§~♣♣♣ ....~~...♣ ..~...~.~~♣
..♣♣♣♣..♣♣♣ You could see 10 starcursed masses, Mlioglotl (strong, scary), a
lich (summoned, fast, invisible), 2 rakshasas, an apocalypse crab (summoned), 2
thrashing horrors, a swamp worm, a jelly (summoned), an ufetubus (summoned) and
a dire elephant zombie (summoned).

Vanquished Creatures
  An ancient lich (WizLab)
  Vashnia (Snake:4)
  Jorgrun (D:14)
  Rupert (Lair:3)
  A tengu reaver (Depths:1)
  An ancient champion (WizLab)
  4 nagarajas
  Louise (D:14)
  An orc warlord (D:9)
  2 ironbound preservers
  2 ironbound thunderhulks (Vaults:1)
  A stone giant (Depths:1)
  Nessos (Orc:2)
  A dire elephant (D:15)
  Snorg (Lair:4)
  2 fire dragons
  Josephine (Lair:3)
  An ice dragon (Depths:1)
  A rakshasa (Depths:1)
  An entropy weaver (Vaults:1)
  2 salamander tyrants
  A spriggan air mage (Depths:1)
  4 catoblepae
  An ogre mage (D:15)
  2 vault guards (Bailey)
  10 hydras
  12 two-headed ogres
  Erica (Orc:1)
  7 anacondas
  3 centaur warriors
  2 boulder beetles
  16 death yaks
  2 dancing weapons (D:13)
  A deep troll shaman (Depths:1)
  3 tengu warriors (D:13)
  19 naga warriors
  2 orc high priests (Orc:2)
  19 naga sharpshooters
  The ghost of ThereIsNoGod the Slicer, a novice OpFi of Okawaru (D:9)
  Urug (D:9)
  11 shock serpents
  2 skysharks
  11 salamander mystics
  Amaemon (D:8)
  7 skeletal warriors (WizLab)
  An iron troll (Depths:1)
  4 large abominations
  9 deep trolls
  6 naga ritualists
  19 slime creatures
  2 glowing orange brains (Depths:1)
  6 orc knights
  A deep elf pyromancer (D:15)
  3 lindwurms (Vaults:1)
  A wolf spider (D:15)
  4 orc sorcerers
  An oklob plant (Lair:4)
  A faun (shapeshifter) (Depths:1)
  9 mana vipers
  9 cyclopes
  6 manticores
  5 ugly things (D:15)
  22 elephants
  A worldbinder (D:9)
  17 salamanders
  7 guardian serpents
  A toenail golem (D:9)
  39 black mambas
  Joseph (D:7)
  An orange demon (D:8)
  2 gargoyles
  Maggie (D:6)
  16 naga magi
  A rime drake (Lair:5)
  15 cane toads
  3 unseen horrors
  A yaktaur (D:15)
  2 kobold demonologists
  11 komodo dragons
  A queen bee (Lair:2)
  4 trolls
  2 polar bears
  Prince Ribbit (D:8)
  A tyrant leech (shapeshifter) (D:15)
  A blink frog (shapeshifter) (D:13)
  7 saltlings (Orc:2)
  7 dream sheep (Lair:5)
  A wolf spider simulacrum (D:15)
  Grinder (D:6)
  27 blink frogs
  Sigmund (D:5)
  2 water elementals (D:15)
  Eustachio (D:5)
  9 wraiths
  71 yaks
  5 vampires
  4 wyverns
  2 redbacks
  3 humans (Bailey)
  5 vampire mosquitoes
  2 basilisks
  A steam dragon (D:8)
  6 chaos spawn (Depths:1)
  Menkaure (D:6)
  4 wargs
  48 nagas
  8 two-headed ogre zombies
  7 small abominations
  2 acid dragons
  24 water moccasins
  2 sky beasts
  20 orc warriors
  3 black bears
  3 boggarts (D:14)
  11 ogres
  3 phantoms (D:9)
  8 wolves
  7 centaurs
  2 kobold brigands
  Blork the orc (D:6)
  2 scorpions
  23 bullfrogs
  A gnoll sergeant (D:7)
  9 wights
  9 troll zombies
  14 killer bees (Lair:2)
  4 howler monkeys
  3 lava snakes (Snake:2)
  A hound (D:6)
  A gnoll bouda (D:6)
  2 jellies
  Crazy Yiuf (D:2)
  17 orc priests
  Terence (D:2)
  2 sleepcaps
  An iguana (D:5)
  21 orc wizards
  9 hell rats
  10 ogre zombies
  21 gnolls
  10 adders
  4 white imps
  2 ufetubi
  A worm (D:5)
  3 dart slugs
  58 orcs
  4 ball pythons
  An endoplasm (D:2)
  A giant cockroach (D:3)
  12 goblins
  8 hobgoblins
  4 jackals (D:5)
  26 kobolds
  3 bats
  2 frilled lizards
  2 goblin skeletons (D:9)
  2 goblin zombies (D:9)
  A hobgoblin skeleton (D:9)
  3 hobgoblin zombies (D:9)
  8 orc skeletons (D:9)
  9 orc zombies (D:9)
  2 rats
  A butterfly (Lair:4)
1033 creatures vanquished.

Vanquished Creatures (collateral kills)
  A hydra (Lair:3)
  A boggart (D:14)
  5 orcs (D:9)
7 creatures vanquished.

Vanquished Creatures (others)
  An orc wizard (Orc:1)
  30 spectral weapons
  2 starspawn tentacles (Swamp:1)
33 creatures vanquished.

Grand Total: 1073 creatures vanquished

Notes
Turn   | Place    | Note
-------+----------+-------------------------------------------
     0 | D:1      | ketsa the Demigod Fighter began the quest for the Orb.
     0 | D:1      | Reached XP level 1. HP: 18/18 MP: 3/3
   456 | D:1      | Reached XP level 2. HP: 25/25 MP: 4/4
  1080 | D:2      | Reached skill level 3 in Fighting
  1364 | D:2      | Reached XP level 3. HP: 31/31 MP: 5/5
  1642 | D:2      | Noticed Terence
  1651 | D:2      | Killed Terence
  1834 | D:2      | Found a runed translucent door.
  1837 | D:2      | Noticed Crazy Yiuf
  2408 | D:2      | Reached XP level 4. HP: 38/38 MP: 6/6
  2623 | D:3      | Reached XP level 5. HP: 34/45 MP: 7/7
  2913 | D:4      | Identified the +3 long sword "Gippygu" {venom, Will+}
  2974 | D:4      | Identified the +8 long sword "Ilome" {spect, rCorr Int+2}
  2981 | D:4      | Found Plog's Neck Hole.
  3222 | D:5      | Entered Level 5 of the Dungeon
  3231 | D:5      | Noticed Eustachio
  3236 | D:5      | Found Yshrat Ogirr's Jewellery Shoppe.
  3424 | D:5      | Noticed Sigmund
  3432 | D:5      | Killed Sigmund
  3433 | D:5      | Reached skill level 4 in Fighting
  3433 | D:5      | Reached XP level 6. HP: 52/52 MP: 8/8
  3460 | D:5      | Killed Eustachio
  3522 | D:5      | Reached XP level 7. HP: 60/60 MP: 9/9
  3524 | D:5      | Reached skill level 5 in Long Blades
  3833 | D:6      | Noticed Menkaure
  3844 | D:6      | Killed Menkaure
  3914 | D:6      | Noticed Grinder
  3929 | D:6      | Found Tizihuc's Assorted Antiques.
  3930 | D:6      | Killed Grinder
  3931 | D:6      | Reached skill level 5 in Fighting
  3931 | D:6      | Reached skill level 5 in Shields
  3959 | D:6      | Reached XP level 8. HP: 56/68 MP: 10/10
  3987 | D:6      | Bought a scroll labelled BULUTI VIKK for 30 gold pieces
  4210 | D:6      | Noticed Maggie
  4238 | D:6      | Killed Maggie
  4343 | D:6      | Noticed Blork the orc
  4355 | D:6      | Killed Blork the orc
  4722 | D:7      | Noticed a boulder beetle
  4752 | D:7      | Noticed a kobold demonologist
  4761 | D:7      | Killed a kobold demonologist
  4766 | D:7      | Killed a boulder beetle
  4767 | D:7      | Reached skill level 10 in Long Blades
  4767 | D:7      | Reached XP level 9. HP: 57/74 MP: 11/11
  4932 | D:7      | Found a staircase to the Ecumenical Temple.
  4938 | Temple   | Entered the Ecumenical Temple
  5140 | D:7      | Noticed Joseph
  5153 | D:7      | Killed Joseph
  5575 | D:8      | Noticed Prince Ribbit
  5593 | D:8      | Killed Prince Ribbit
  5690 | D:8      | Noticed Amaemon
  5690 | D:8      | Noticed an orange demon
  6293 | D:9      | Found a transporter.
  6330 | D:9      | Noticed a two-headed ogre
  6406 | D:9      | Found a flagged portal.
  6438 | Bailey   | Entered a bailey
  6449 | Bailey   | Reached XP level 10. HP: 81/81 MP: 13/13
  6558 | Bailey   | Noticed a vault guard
  6577 | Bailey   | Killed a vault guard
  6631 | Bailey   | Noticed a vault guard
  6640 | Bailey   | Killed a vault guard
  6837 | D:9      | Found a staircase to the Orcish Mines.
  7109 | D:9      | Noticed a worldbinder
  7128 | D:9      | Noticed a toenail golem
  7135 | D:9      | Noticed a large abomination
  7351 | D:9      | Found a one-way gate to the infinite horrors of the Abyss.
  7351 | D:9      | Noticed ThereIsNoGod's ghost (novice OpFi)
  7547 | D:9      | Killed a two-headed ogre
  7548 | D:9      | Reached skill level 6 in Fighting
  7605 | D:9      | Identified the +5 scale mail "Xasyt" {rPois Int+3}
  7696 | D:10     | Entered Level 10 of the Dungeon
  7876 | D:10     | Noticed a two-headed ogre
  7886 | D:10     | Killed a two-headed ogre
  7887 | D:10     | Reached XP level 11. HP: 74/90 MP: 14/14
  7919 | D:10     | Found a staircase to the Lair.
  7923 | D:10     | Reached skill level 5 in Armour
  8331 | D:10     | Found a transporter.
  8335 | D:10     | Found a transporter.
  8337 | D:10     | Found a transporter.
  8337 | D:10     | Found a transporter.
  8693 | D:11     | Noticed a two-headed ogre
  8700 | D:11     | Killed a two-headed ogre
  8701 | D:11     | Reached skill level 7 in Fighting
  8908 | D:11     | Noticed a two-headed ogre
  8929 | D:11     | Killed a two-headed ogre
  9376 | D:12     | Reached skill level 8 in Fighting
  9399 | D:12     | Reached skill level 1 in Throwing
  9404 | D:12     | Reached skill level 1 in Dodging
  9404 | D:12     | Reached skill level 1 in Evocations
  9865 | D:12     | Reached XP level 12. HP: 83/103 MP: 15/15
  9903 | D:12     | Identified the +6 falchion of the Scorching Gods {elec, Fly
                  | Will+++ rCorr Dex-4}
 10452 | D:2      | Killed Crazy Yiuf
 10641 | Lair:1   | Entered Level 1 of the Lair of Beasts
 10709 | Lair:1   | Found a frozen archway.
 10975 | Lair:1   | Found the +8 Wrath of Trog {antimagic, *Rage Rampage}
 11007 | Lair:1   | Identified the +3 robe of the Harp {Regen+}
 11636 | Lair:2   | Reached skill level 9 in Fighting
 12555 | Lair:3   | Noticed Josephine
 12587 | Lair:3   | Noticed a four-headed hydra
 12596 | Lair:3   | Killed a 15-headed hydra
 12691 | Lair:3   | Noticed Rupert
 12729 | Lair:3   | Killed Rupert
 12730 | Lair:3   | Reached skill level 5 in Throwing
 12730 | Lair:3   | Reached skill level 5 in Dodging
 12730 | Lair:3   | Reached skill level 5 in Evocations
 12765 | Lair:3   | Reached XP level 13. HP: 84/112 MP: 16/16
 12770 | Lair:3   | Killed Josephine
 13007 | Lair:3   | Identified the +9 chain mail of Apathy {rC- Int+2 Slay+6
                  | SInv}
 13088 | Lair:3   | Found a staircase to the Swamp.
 13112 | Swamp:1  | Entered Level 1 of the Swamp
 13112 | Swamp:1  | Noticed Mlioglotl
 13137 | Lair:3   | Reached skill level 10 in Fighting
 13294 | Lair:3   | Found a staircase to the Snake Pit.
 14121 | Orc:1    | Entered Level 1 of the Orcish Mines
 14121 | Orc:1    | Noticed Urug
 14123 | Orc:1    | Noticed an orc warlord
 14128 | D:9      | Killed Urug
 14165 | D:9      | Killed an orc warlord
 14443 | Orc:2    | Entered Level 2 of the Orcish Mines
 14480 | Orc:2    | Noticed Nessos
 14489 | Orc:2    | Found a staircase to the Elven Halls.
 14753 | Orc:1    | Reached skill level 10 in Armour
 14753 | Orc:1    | Found Raippuph's Self-Improvement Boutique.
 14763 | Orc:1    | Noticed Erica
 14771 | Orc:1    | Killed Erica
 15454 | Orc:2    | Killed Nessos
 15832 | Orc:2    | Reached skill level 11 in Fighting
 15832 | Orc:2    | Reached XP level 14. HP: 112/124 MP: 17/17
 15917 | Orc:2    | Found Opsot's Antique Weapon Emporium.
 15936 | Orc:2    | Found Abuj's Magic Scroll Shop.
 15936 | Orc:2    | Paralysed by an orc sorcerer for 2 turns
 15940 | Orc:2    | Found Yclecka's Magic Scroll Shop.
 15943 | Orc:2    | Gained mutation: Your spells are a little easier to cast,
                  | but a little less powerful. [a neqoxec]
 16014 | Orc:2    | Bought a scroll of identify for 36 gold pieces
 16014 | Orc:2    | Bought a scroll of identify for 36 gold pieces
 16046 | Orc:2    | Found Featoso's Book Boutique.
 16226 | Elf:1    | Entered Level 1 of the Elven Halls
 16363 | Orc:2    | Found Featoso's Book Boutique.
 16378 | Orc:2    | Found Yclecka's Magic Scroll Shop.
 16380 | Orc:2    | Found Abuj's Magic Scroll Shop.
 16444 | Orc:2    | Found Opsot's Antique Weapon Emporium.
 16875 | D:9      | Found a transporter.
 17020 | Snake:1  | Entered Level 1 of the Snake Pit
 17461 | Lair:4   | Noticed Snorg
 17469 | Lair:4   | Killed Snorg
 17597 | Lair:4   | Found a staircase to the Slime Pits.
 17686 | Lair:5   | Entered Level 5 of the Lair of Beasts
 18245 | Lair:4   | Reached skill level 12 in Fighting
 19107 | Lair:5   | Reached skill level 13 in Fighting
 19320 | Lair:5   | Reached XP level 15. HP: 131/135 MP: 18/18
 19406 | Lair:5   | Identified the staff of poison "Duusent" {rElec rPois rC+
                  | SInv}
 19441 | Lair:5   | Identified the +0 leather armour "Qajesith" {*Slow rF+
                  | Int+3 SInv}
 20685 | D:13     | Found a gate to the Vaults.
 21628 | D:14     | Noticed Louise
 21687 | D:14     | Killed Louise
 21841 | D:14     | Found Xergh's Magic Scroll Shoppe.
 21847 | D:14     | Identified the +5 rapier of the Eight Knaves {freeze, Int+2
                  | Dex+3}
 21852 | D:14     | Bought a scroll of acquirement for 884 gold pieces
 21854 | D:14     | Acquired a manual of Fighting
 21863 | D:14     | Bought a scroll of identify for 34 gold pieces
 21863 | D:14     | Bought a scroll of blinking for 127 gold pieces
 21978 | D:14     | Noticed Jorgrun
 22163 | D:13     | Reached skill level 14 in Fighting
 22346 | D:14     | Found Zafyutan's Book Emporium.
 22585 | Snake:1  | Upgraded the game from 0.31-a0-121-g1e386dd289 to
                  | 0.31-a0-128-g25add195a6
 22913 | D:4      | Bought a scarf of repulsion for 168 gold pieces
 22964 | D:5      | Bought the ring "Qoto" {rPois rN+ Dex+5} for 500 gold
                  | pieces
 23204 | Snake:1  | Found a runed translucent door.
 24751 | Snake:2  | Reached skill level 15 in Fighting
 25218 | Snake:2  | Noticed a nagaraja
 25230 | Snake:2  | Killed a nagaraja
 25859 | Snake:2  | Reached skill level 16 in Fighting
 27019 | Snake:3  | Reached XP level 16. HP: 145/152 MP: 19/19
 27474 | Snake:3  | Reached skill level 15 in Armour
 27474 | Snake:3  | Reached XP level 17. HP: 160/160 MP: 20/20
 27830 | Snake:3  | Reached skill level 17 in Fighting
 28663 | Snake:4  | Entered Level 4 of the Snake Pit
 29614 | Snake:4  | Reached skill level 18 in Fighting
 29737 | Snake:4  | Identified the +3 long sword of Spores {distort, rC+ Int+6}
 29747 | Snake:4  | Found Luman's Weapon Emporium.
 31289 | Snake:4  | Noticed Vashnia
 31296 | Snake:4  | Killed Vashnia
 31793 | Snake:4  | Got a serpentine rune of Zot
 32346 | D:9      | Killed ThereIsNoGod's ghost
 32719 | D:8      | Killed Amaemon
 33179 | Vaults:1 | Entered Level 1 of the Vaults
 33741 | D:13     | Reached XP level 18. HP: 84/174 MP: 21/21
 34041 | D:14     | Killed Jorgrun
 34335 | D:14     | Found Unauq's Book Shop.
 34506 | D:13     | Reached skill level 1 in Spellcasting
 34778 | D:15     | Entered Level 15 of the Dungeon
 34778 | D:15     | Found Puetz's Practical Paraphernalia.
 34786 | D:15     | Reached skill level 19 in Fighting
 35475 | D:15     | Found a staircase to the Depths.
 36307 | Depths:1 | Entered Level 1 of the Depths
 36317 | Depths:1 | Found a gateway to Hell.
 36352 | Depths:1 | Found Amnur's Jewellery Shop.
 36353 | Depths:1 | Found Vosel's Book Shoppe.
 36354 | Depths:1 | Found Jan Gohucy's Jewellery Shop.
 36693 | Depths:1 | Found a magical portal.
 36704 | WizLab   | Entered Zonguldrok's Shrine
 37351 | WizLab   | Noticed an antique lich
 37364 | WizLab   | Killed an antique lich
 37365 | WizLab   | Reached skill level 10 in Shields
 37515 | WizLab   | Found the +9 sword of Zonguldrok {reap}
 37568 | WizLab   | Learned a level 2 spell: Blink
 37711 | Depths:1 | Reached skill level 1 in Translocations
 38213 | Swamp:1  | Paralysed by accursed screaming for 2 turns
 38215 | Swamp:1  | Slain by a swamp worm

Illustrated notes

Levels and vault maps discovered:
D:1:      lightli_arrival_noodles, layout_basic, ebering_ecumenical_altar_rust,
          hangedman_decor_clover_reticule
D:2:      layout_basic, amcnicky_mini_pool_small, uniq_crazy_yiuf_cottage,
          uniq_terence
D:3:      layout_rooms, nicolae_overflow_hallway_of_the_gods, kennysheep_boxes
D:4:      layout_rooms, nicolae_shop_sticking_my_neck_out
D:5:      layout_cave_pools, serial_shops, shop, uniq_eustachio, uniq_sigmund
D:6:      kennysheep_kobold_camp, layout_cave_pools, serial_shops, shop,
          minmay_stone_trees_small, uniq_maggie, uniq_menkaure,
          uniq_blork_the_orc, uniq_grinder
D:7:      layout_cave_pools, minmay_temple_entry_hall, uniq_joseph
D:8:      layout_basic, lightli_orcish_oven, uniq_amaemon, uniq_prince_ribbit1
D:9:      layout_basic, zombieorc2_lemuel, gammafunk_ghost_abyssal_escape,
          enter_bailey_5
D:10:     layout_cave_pods, grunt_lair_entry_orc_guard_hut, kennysheep_path_1,
          nicolae_diode_intersection
D:11:     layout_loops_ring
D:12:     layout_basic
D:13:     layout_long_grid, erik_vaults_1, zin_statuary
D:14:     layout_loops_ring, serial_shops, shop, shop, nicolae_lakefront_shop,
          nicolae_ru_awakened_eye, uniq_louise, uniq_jorgrun
D:15:     hangedman_depths_entry_try_elsewhere_first, layout_basic,
          kennysheep_doodads, nicolae_alphabet_shops, grunt_ministairs_2
Temple:   eino_wide_crystal_templ
Lair:1:   layout_cave_pods, portal_ice_cave_entry_pillars_1
Lair:2:   layout_long_grid, basic_altar, special_room [special_room_bee],
          grunt_megastairs_4, serial_bayou_shore_b
Lair:3:   layout_small_grid, swamp_mist, minmay_snake_entry_six_corridors,
          uniq_rupert, uniq_josephine
Lair:4:   layout_loops_ring, slime_entry_1, cheibrodos_lair_reptile_den,
          lemuel_fruit_tree, lemuel_fruit_fields, uniq_snorg
Lair:5:   evilmike_catoblepas_cave, layout_layer_cave
Swamp:1:  layout_basic_swamp, gammafunk_ghost_split, nicolae_swamp_godswood,
          swamp_pool3, nicolae_swamp_trees_clearing, uniq_mlioglotl
Snake:1:  cheibrodos_toxic_ritual, layout_honeycomb, grunt_ministairs_10,
          corexii_hall_statues_deadend
Snake:2:  layout_basic, basic_altar
Snake:3:  layout_grid_maze
Snake:4:  johnstein_snake_rune_scales, layout_cave_town, serial_shops, shop,
          grunt_megastairs_5, uniq_vashnia
Orc:1:    layout_caves, nicolae_shop_self_help, uniq_erica, uniq_urug
Orc:2:    hellmonk_orc_salted, layout_diamond_mine, uniq_nessos
Elf:1:    minmay_elf_arrival_plus, layout_rooms, special_room
          [special_room_orc], hangedman_elf_represent, drop_trap
Vaults:1: nicolae_vaults_double_plus_1, st_lattice,
          nicolae_vaults_trapezoid_lopsided_2, v_misc_33,
          nicolae_vaults_what_the_h, nicolae_vaults_storage_closets_1,
          nicolae_vaults_double_plus_1, vaults_standard_mumra_enter_the_diamond,
          nicolae_vaults_little_squares_6, nicolae_vaults_circle_grid_a,
          nicolae_vaults_sealed_display, v_pattern_5, nicolae_vaults_asterisk,
          layout_vaults_ring
Vaults:2: nicolae_vaults_border_crossing, grunt_vaults_swirl,
          nicolae_vaults_variable_pillar_hall, nicolae_vaults_big_ls,
          nicolae_vaults_hallways_thing, v_misc_19,
          nicolae_vaults_windows_and_doors_thing, nicolae_vaults_trapezoid_4,
          nicolae_vaults_specimen_jars, layout_vaults_chaotic_city,
          serial_shops, nicolae_shop_trees
Depths:1: layout_roguey, mu_enter_wizlab_1, hell_entry, elyvilon_altar_1,
          minmay_room_of_horrors, statue_in_the_mist_lemuel,
          serial_bayou_ford_a, kennysheep_four_rooms, minmay_shop_grove,
          grunt_megastairs_2

Skill      XL: |  1  2  3  4  5  6  7  8  9 10 11 12 13 14 15 16 17 18 |
---------------+-------------------------------------------------------+-----
Long Blades    | 2 3 4 6 10 12 13 14 | 14.0
Fighting       | 3 4 5 6 8 9 11 13 16 18 19 | 19.3
Armour         | 3 4 7 8 10 12 14 15 16 17 | 17.0
Shields        | 3 4 5 8 10 | 10.0
Throwing       | 2 5 7 8 |  8.0
Dodging        | 2 5 |  5.5
Evocations     | 2 5 7 8 |  8.4
Spellcasting   | 3 |  3.9
Translocations | 1 |  1.2

Action                     |  1- 3 |  4- 6 |  7- 9 | 10-12 | 13-15 | 16-18 || total
---------------------------+-------+-------+-------+-------+-------+-------++-------
  Melee: Long sword        |    87 |    48 |   213 |   523 |  1048 |   891 ||  2810
         Scimitar          |       |       |       |       |    25 |       ||    25
         Falchion          |       |       |       |       |    27 |       ||    27
  Throw: Javelin           |     2 |       |     5 |       |       |       ||     7
         Dart              |       |       |     1 |    10 |    30 |    18 ||    59
         Boomerang         |       |       |       |       |       |     1 ||     1
  Evoke: Wand              |       |       |     1 |     3 |     4 |     1 ||     9
         Phantom mirror    |       |       |       |       |     1 |     1 ||     2
         Condenser vane    |       |       |       |       |       |     2 ||     2
    Use: Scroll            |     4 |     2 |     6 |    13 |    13 |     6 ||    44
         Potion            |     1 |       |     1 |       |     4 |     5 ||    11
   Stab: Distracted        |       |       |     1 |    17 |    36 |    27 ||    81
         Sleeping          |       |       |       |       |       |     2 ||     2
 Armour: Scale mail        |    56 |    21 |    72 |   128 |   441 |   228 ||   946
  Dodge: Dodged            |    46 |    19 |    59 |   181 |   543 |   299 ||  1147
         Repelled          |       |       |       |       |    12 |    28 ||    40
  Block: Buckler           |    18 |     7 |    75 |   127 |   425 |   116 ||   768
         Reflection        |       |       |       |       |    26 |    78 ||   104
         Kite shield       |       |       |       |       |       |   675 ||   675

Table legend: (Time is in decaauts)
 A = Elapsed time spent in this place.
 B = Non-inter-level travel time spent in this place.
 C = Inter-level travel time spent in this place.
 D = Time resting spent in this place.
 E = Time spent auto-exploring this place.
 F = Levels seen in this place.
 G = Mean time per level.
                   A        B        C        D        E       F      G
               +--------+--------+--------+--------+--------+-----+--------+
         Total |  37732 |  33832 |   3900 |   7903 |  15243 |  34 | 1109.8 |
       Dungeon |  16897 |  14806 |   2091 |   2810 |   7768 |  15 | 1126.5 |
        Temple |     51 |     43 |      8 |      0 |     30 |   1 |   51.0 |
          Lair |   7241 |   6118 |   1123 |    849 |   3250 |   5 | 1448.2 |
         Swamp |     19 |     19 |      0 |      0 |      0 |   1 |   19.0 |
     Snake Pit |   8918 |   8485 |    433 |   3268 |   2767 |   4 | 2229.5 |
  Orcish Mines |   2472 |   2252 |    220 |    355 |   1148 |   2 | 1236.0 |
   Elven Halls |      5 |      5 |      0 |      0 |      0 |   1 |    5.0 |
        Vaults |    400 |    376 |     24 |     30 |     74 |   2 |  200.0 |
        Depths |    516 |    516 |      0 |    160 |     85 |   1 |  516.0 |
        Bailey |    346 |    346 |      0 |     19 |     84 |   1 |  346.0 |
        Wizlab |    862 |    862 |      0 |    410 |     37 |   1 |  862.0 |
               +--------+--------+--------+--------+--------+-----+--------+

Top non-repeatable levels by time:
 Snake:4: 3013 daAuts
 Snake:2: 1987 daAuts
 Snake:3: 1977 daAuts
    D:13: 1959 daAuts
 Snake:1: 1940 daAuts
  Lair:5: 1907 daAuts
   Orc:2: 1854 daAuts
    D:15: 1727 daAuts
     D:9: 1662 daAuts
     D:2: 1515 daAuts
  Lair:3: 1510 daAuts
    D:10: 1434 daAuts
  Lair:2: 1295 daAuts
  Lair:1: 1270 daAuts
  Lair:4: 1258 daAuts
